 Dungeon Crawl Stone Soup version 0.31-a0-596-g831eee08f1 (webtiles) character file.

Game seed: 4256768668934872208

139 Adrian566 the Slasher (level 5, -10/39 HPs)
             Began as a Demonspawn Gladiator on Aug 20, 2023.
             Killed by divine providence
             ... invoked by an orc priest
              (16 damage)
             ... on level 4 of the Dungeon.
             The game lasted 00:02:34 (1837 turns).

Adrian566 the Slasher (Demonspawn Gladiator)        Turns: 1837, Time: 00:02:34

Health: -10/39     AC:  7    Str: 14    XL:     5   Next: 1%
Magic:  5/5        EV: 12    Int:  9    God:
Gold:   90         SH:  0    Dex: 17    Spells: 4/4 levels left

rFire   . . .        a - +0 long sword
rCold   . . .        (no shield)
rNeg    . . .        j - +0 ring mail
rPois   .            c - +1 helmet
rElec   .            (no cloak)
rCorr   .            (no gloves)
SInv    .            (no boots)
Will    +....        (no amulet)
Stlth   +            (no ring)
HPRegen 0.26/turn    (no ring)
MPRegen 0.09/turn

%: no passive effects
@: about to teleport, enlightened, flying, hasted, invisible, very quick
A: claws 2, demonic magic 1, weakness stinger 1
a: no special abilities


You were on level 4 of the Dungeon.
You visited 1 branch of the dungeon, and saw 4 of its levels.

You collected 90 gold pieces.

Inventory:

Hand Weapons
 a - a +0 long sword (weapon)
Missiles
 d - 3 throwing nets (quivered)
 e - a javelin
Armour
 c - a +1 helmet (worn)
 j - a +0 ring mail (worn)
Jewellery
 n - a ring of fire
Scrolls
 g - 2 scrolls of teleportation
 k - a scroll of torment {unknown}
Potions
 h - a potion of haste


   Skills:
 + Level 2.6 Fighting
 + Level 4.0 Long Blades
 + Level 1.8 Throwing
 + Level 1.2 Armour
 + Level 3.4 Dodging
 + Level 0.5 Stealth


You had 4 spell levels left.
You didn't know any spells.
Your spell library contained the following spells:

 Spells                   Type           Power      Damage    Failure   Level
 Ensorcelled Hibernation  Hex/Ice        0%         N/A       77%         2
 Passwall                 Tmut/Erth      0%         N/A       77%         2
 Gell's Gravitas          Tloc           0%         N/A       94%         3
 Swiftness                Air            0%         N/A       94%         3
 Teleport Other           Tloc           0%         N/A       94%         3
 Dispersal                Tloc           0%         N/A       100%        6


Dungeon Overview and Level Annotations

Branches:
Dungeon (4/15)
 Temple: D:4-7

Altars:
Fedhas
Kikubaaqudgha
Makhleb
Qazlal
Trog

Shops:
D:3 *

Annotations:
D:2 Sigmund


Innate Abilities, Weirdness & Mutations

You have very sharp fingernails.
Spells you cast may paralyse adjacent enemies.
You have a small tail.


Message History

You closely miss the orc. You barely miss the orc. You tail-slap the orc.
The orc is lightly wounded.
You completely miss the orc.
The orc is lightly wounded.
The orc barely misses you.
You hit the orc.
The orc is heavily wounded.
The orc priest invokes the aid of Beogh against you.
Beogh smites you!
The orc wizard gestures wildly while chanting.
The orc wizard flickers and vanishes!
Deactivating autopickup; reactivate with Ctrl-A.
The orc misses you.
You hit the orc.
You kill the orc!
The orc priest calls down the wrath of Beogh upon you.
Beogh smites you!
* * * LOW HITPOINT WARNING * * *
It was a potion of enlightenment.
You feel very buoyant.
You fly up into the air.
It was a potion of invisibility.
You fade into invisibility!
The hobgoblin hits you.
* * * LOW HITPOINT WARNING * * *
As you read the scroll labelled AXKADU HALUP, it crumbles to dust.
It is a scroll of identify.
g - 3 scrolls of teleportation The orc throws a boomerang.
The boomerang hits the hobgoblin.
As you read the scroll of teleportation, it crumbles to dust.
You feel strangely unstable.
As you read the scroll labelled YNEERPH SOUSS, it crumbles to dust.
It is a scroll of enchant armour.
Your +0 helmet glows green for a moment.
The orc throws a boomerang.
The boomerang hits the hobgoblin.
The hobgoblin dies!
The orc priest invokes the aid of Beogh against you.
Beogh smites you!
You die...

##. .......#.
##.. #........
##.#.##........
#.#............
####...##<# .#
#......o..##....
....o.)ooo....#
.....###)###....
#### #@# ... #.#
. ..# .#.# .##.#
.. #.# ## #..
#..


You could see an orc priest (unable to see you) and 3 orcs.

Vanquished Creatures
  An orc priest (D:4)
  An orc wizard (D:3)
  An adder (D:2)
  A worm (D:2)
  2 dart slugs
  7 orcs
  5 ball pythons
  7 bats
  7 endoplasms
  2 giant cockroaches (D:1)
  4 goblins
  5 hobgoblins
  2 jackals (D:1)
  4 quokkas
  A frilled lizard (D:1)
  A kobold (D:1)
  4 rats
55 creatures vanquished.

Vanquished Creatures (others)
  A hobgoblin (D:4)
1 creature vanquished.

Grand Total: 56 creatures vanquished

Notes
Turn   | Place    | Note
-------+----------+-------------------------------------------
     0 | D:1      | Adrian566 the Demonspawn Gladiator began the quest for the
                  | Orb.
     0 | D:1      | Reached XP level 1. HP: 16/16 MP: 1/1
   153 | D:1      | Discovered your monstrous ancestry.
   153 | D:1      | Gained mutation: You have a small tail. [demonic ancestry]
   153 | D:1      | Reached XP level 2. HP: 19/22 MP: 2/2
   173 | D:1      | Reached skill level 3 in Long Blades
   562 | D:1      | Gained mutation: Spells you cast may paralyse adjacent
                  | enemies. [demonic ancestry]
   562 | D:1      | Reached XP level 3. HP: 27/27 MP: 3/3
   956 | D:2      | Noticed Sigmund
  1081 | D:3      | Found a blossoming altar of Fedhas.
  1236 | D:3      | Gained mutation: You have sharp fingernails. [demonic
                  | ancestry]
  1236 | D:3      | Reached XP level 4. HP: 34/34 MP: 4/4
  1330 | D:3      | Found Raiczipa's Assorted Antiques.
  1480 | D:3      | Reached skill level 1 in Armour
  1722 | D:3      | Found a stormy altar of Qazlal.
  1723 | D:3      | Found an ancient bone altar of Kikubaaqudgha.
  1724 | D:3      | Found a burning altar of Makhleb.
  1725 | D:3      | Found a bloodstained altar of Trog.
  1821 | D:4      | Reached skill level 4 in Long Blades
  1821 | D:4      | Gained mutation: You have very sharp fingernails. [demonic
                  | ancestry]
  1821 | D:4      | Reached XP level 5. HP: 30/39 MP: 5/5
  1837 | D:4      | Killed from afar by an orc priest

Illustrated notes

Levels and vault maps discovered:
D:1:      lightli_arrival_isolated_outpost, layout_basic
D:2:      layout_basic, ebering_ecumenical_altar_rust, uniq_robin, uniq_sigmund
D:3:      layout_basic, minitemple, lemuel_doored_altar, serial_shops, shop
D:4:      layout_loops_ring

Skill      XL: |  1  2  3  4 |
---------------+-------------+-----
Dodging        | 3 |  3.4
Long Blades    | 3 4 |  4.0
Armour         | 1 |  1.2
Fighting       | |  2.6
Throwing       | |  1.8
Stealth        | |  0.5

Action                     |  1- 3 |  4- 6 || total
---------------------------+-------+-------++-------
  Melee: Long sword        |   142 |    31 ||   173
         Tailslap          |    17 |     7 ||    24
         Punch             |     1 |       ||     1
    Use: Potion            |       |     4 ||     4
         Scroll            |       |     3 ||     3
   Stab: Sleeping          |     2 |       ||     2
 Armour: Leather armour    |    43 |       ||    43
         Ring mail         |     7 |    12 ||    19
  Dodge: Dodged            |   109 |    17 ||   126

Table legend: (Time is in decaauts)
 A = Elapsed time spent in this place.
 B = Non-inter-level travel time spent in this place.
 C = Inter-level travel time spent in this place.
 D = Time resting spent in this place.
 E = Time spent auto-exploring this place.
 F = Levels seen in this place.
 G = Mean time per level.
                   A        B        C        D        E       F      G
               +--------+--------+--------+--------+--------+-----+--------+
         Total |   1879 |   1772 |    107 |    172 |   1212 |   4 |  469.8 |
       Dungeon |   1879 |   1772 |    107 |    172 |   1212 |   4 |  469.8 |
               +--------+--------+--------+--------+--------+-----+--------+

Top non-repeatable levels by time:
     D:3: 860 daAuts
     D:1: 810 daAuts
     D:2: 189 daAuts
     D:4: 19 daAuts
